 Dungeon Crawl Stone Soup version 0.30-a0-347-gf58ed5266c (webtiles) character file.

Game seed: 14314419306124833138

15076 Zonian the Fighter (level 12, -6/100 HPs)
             Began as a Djinni Ice Elementalist on Nov 6, 2022.
             Was a Priest of Ashenzari.
             Mangled by a seven-headed hydra (10 damage)
             ... on level 2 of the Lair of Beasts.
             The game lasted 00:40:02 (13522 turns).

Zonian the Fighter (Djinni Ice Elementalist)       Turns: 13522, Time: 00:40:03

Health: -6/100     AC:  9    Str:  9    XL:     12   Next: 53%
Gold:   935        EV: 15    Int: 24    God:    Ashenzari [***...] SH:  0 Dex: 16

rFire   + + +      SeeInvis +    p - +7 flail of a volcano {venom, rF++ rC+ rN+ Str+2}
rCold   . . .      Faith    .    (no shield)
rNeg    + . .      Spirit   .    o - +1 troll leather armour of Supernal Gnosis {Regen+, Pargi, Evo, Self} (curse)
rPois   ∞          Reflect  .    (no helmet)
rElec   .          Harm     .    (no cloak)
rCorr   .          Rampage  .    (no gloves)
Will    +....      Clarity  +    (boots unavailable)
Stlth   +++.......               M - amulet "Insecurity of Ashenzari" {Regen+, Fort, Melee} (curse)
HPRegen 1.96/turn                A - ring "Ruined Affliction" {Int+4 SInv, Cun, Self} (curse)
MPRegen 0.00/turn                C - ring "Chained Vexation" {AC+4, Range, Cun} (curse)

@: flying
A: sickness immunity, fire resistance 2, cold vulnerability 1, float, innate
caster, HP casting, extra vitality 1
a: Renounce Religion, Curse Item, Shatter the Chains


You were on level 2 of the Lair of Beasts.
You worshipped Ashenzari.
Ashenzari was most pleased with you.
You visited 3 branches of the dungeon, and saw 13 of its levels.

You collected 935 gold pieces.

Inventory:

Hand Weapons
 e - a +1 demon whip of venom
 f - a +0 dagger
 g - a +1 antimagic short sword
 i - a +2 hand axe of flaming
 p - the +7 flail of a volcano (weapon) {venom, rF++ rC+ rN+ Str+2}
   (You found it on level 3 of the Dungeon)

   It poisons the flesh of those it strikes.
   Str:       It affects your strength (+2).
   rF:        It greatly protects you from fire.
   rC:        It protects you from cold.
   rN:        It protects you from negative energy.
 t - a +2 dagger of venom
 v - a +4 short sword
 w - a +2 vampiric short sword
 B - a +1 short sword of speed
 F - a +2 dagger of venom
 S - a +0 demon blade of venom
Missiles
 n - 21 poisoned darts
 L - a throwing net
Armour
 a - a +0 robe
 o - the cursed +1 troll leather armour of Supernal Gnosis (worn) {Regen+, Pargi, Evo, Self}
   (You found it on level 3 of the Dungeon)

   Regen:     It increases your rate of health regeneration.
   It has a curse which improves the following skills: Evocations: Evocations.
   Introspection: Fighting and Spellcasting.
 r - a +0 leather armour
Jewellery
 l - a ring of ice
 s - a +6 ring of intelligence
 y - a +6 ring of intelligence
 A - the cursed ring "Ruined Affliction" (left hand) {Int+4 SInv, Cun, Self}
   (You found it on level 8 of the Dungeon)

   [ring of see invisible]

   Int:       It affects your intelligence (+4).
   SInv:      It lets you see invisible.
   It has a curse which improves the following skills: Cunning: Dodging and
   Stealth.
   Introspection: Fighting and Spellcasting.
 C - the cursed ring "Chained Vexation" (right hand) {AC+4, Range, Cun}
   (You found it on level 8 of the Dungeon)

   [ring of protection]

   AC:        It affects your AC (+4).
   It has a curse which improves the following skills: Ranged Combat: Ranged
   Weapons and Throwing.
   Cunning:   Dodging and Stealth.
 G - a ring of see invisible
 M - the cursed amulet "Insecurity of Ashenzari" (around neck) {Regen+, Fort, Melee}
   (You found it on level 9 of the Dungeon)

   [amulet of regeneration]

   Regen:     It increases your rate of health regeneration.
   It has a curse which improves the following skills: Fortitude: Armour and
   Shields.
   Melee Combat: Short Blades, Long Blades, Axes, Maces & Flails, Polearms,
   Staves and Unarmed Combat.
Wands
 m - a wand of flame (5)
 q - a wand of polymorph (26)
 u - a wand of roots (18)
 H - a wand of mindburst (11)
 J - a wand of charming (10)
Scrolls
 c - 3 scrolls of butterflies
 x - a scroll of silence
 z - 6 scrolls of teleportation
 E - a scroll of enchant armour
 I - 3 scrolls of enchant weapon
 N - 2 scrolls of blinking
 O - a scroll of summoning
 P - a scroll of fear
 Q - 2 scrolls of magic mapping
Potions
 b - 3 potions of cancellation
 d - 3 potions of brilliance
 h - 3 potions of mutation
 j - 4 potions of curing
 k - 2 potions of haste
 D - a potion of berserk rage


   Skills:
 + Level 11.9(14.3) Fighting
 + Level 5.7(7.3) Maces & Flails
 - Level 5.0(7.4) Dodging
 - Level 4.0(6.3) Stealth
 + Level 10.4(12.8) Spellcasting


You had 11 spell levels left.
You knew the following spells:

 Your Spells              Type           Power      Damage    Failure   Level
a - Freeze                Ice            100%       1d10      1%          1
b - Frozen Ramparts       Ice            100%       1d16      1%          3
c - Ozocubu's Armour      Ice            67%        N/A       1%          3
d - Summon Ice Beast      Ice/Summ       67%        N/A       1%          4
e - Slow                  Hex            100%       N/A       1%          1
f - Momentum Strike       Conj/Tloc      100%       3d10      1%          2
g - Summon Guardian Gole  Hex/Summ       67%        N/A       1%          3
h - Manifold Assault      Tloc           67%        N/A       1%          4
i - Olgreb's Toxic Radia  Pois           67%        N/A       1%          4
Your spell library was empty.

Dungeon Overview and Level Annotations

Branches:
Dungeon (10/15)            Temple (1/1) D:6            Lair (2/5) D:10
    Orc (0/2) D:10
  Swamp: Lair:2-3    Shoals: Lair:2-3     Snake: Lair:2-3    Spider: Lair:2-3

Altars:
Ashenzari
Cheibriados
Dithmenos
Elyvilon
Fedhas
Gozag
Hepliaklqana
Makhleb
Nemelex Xobeh
Okawaru
Qazlal
Ru
Trog
Uskayaw
Wu Jian
Xom
Yredelemnul
Zin
The Shining One

Shops:
D:2 ?[   D:8 =

Annotations:
D:4 Menkaure


Innate Abilities, Weirdness & Mutations

You are immune to sickness and miasma.
You are immune to poison.
Your flesh is very heat resistant. (rF++)
You are vulnerable to cold. (rC-)
You float through the air rather than walking.
You learn spells naturally, not from books.
Your magical power is your life essence.
You have superior vitality. (+4 MHP)


Message History

The seven-headed hydra bites you but does no damage. x2
The seven-headed hydra barely misses you. x2
Unknown command.
You hit the seven-headed hydra but do no damage.
The seven-headed hydra is almost dead.
The seven-headed hydra closely misses you.
The seven-headed hydra barely misses you.
The seven-headed hydra misses you. The seven-headed hydra bites you!
The seven-headed hydra bites you. The seven-headed hydra misses you.
The seven-headed hydra barely misses you.
You hit the seven-headed hydra.
The seven-headed hydra is almost dead.
The seven-headed hydra bites you! x2
The seven-headed hydra bites you but does no damage. x2
The seven-headed hydra completely misses you.
The seven-headed hydra misses you.
The seven-headed hydra closely misses you.
The water moccasin closely misses you.
You hit the seven-headed hydra.
The seven-headed hydra is almost dead.
Your toxic aura wanes.
The seven-headed hydra bites you!
The seven-headed hydra closely misses you.
The seven-headed hydra bites you! The seven-headed hydra bites you.
The seven-headed hydra barely misses you.
The seven-headed hydra closely misses you.
The seven-headed hydra bites you.
The water moccasin bites you but does no damage.
You barely miss the seven-headed hydra.
The seven-headed hydra is almost dead.
The water moccasin bites you.
* * * LOW HITPOINT WARNING * * *
The seven-headed hydra bites you!
* * * LOW HITPOINT WARNING * * *
The seven-headed hydra bites you.
* * * LOW HITPOINT WARNING * * *
The seven-headed hydra bites you!
* * * LOW HITPOINT WARNING * * *
The seven-headed hydra bites you!
You die...

* ,......................
** *
...................... *
S.....................
,,, *#..........#.###..##
..##...○§☼....##...P##
......................
#*.#..#..§§○....#..###..
,#...###SD.....P##..####.
,
.......@.9..............
,.............##.#.....#.
*
........................
,
.....P.#.##P.#......###.
.......................?
*
##.##...#.#....P.PP##...
... ....,........P......
.. ###., !.........P#.P#
** , .............


You could see a seven-headed hydra (ally target), a water moccasin and a
friendly guardian golem (summoned).

Vanquished Creatures
  A catoblepas (Lair:1)
  A hydra (Lair:1)
  A boulder beetle (Lair:1)
  A two-headed ogre (D:9)
  Amaemon (D:8)
  Pikel (D:8)
  A manticore (D:7)
  A black mamba (Lair:2)
  A torpor snail (Lair:1)
  4 cane toads (Lair:1)
  2 trolls
  Grinder (D:3)
  9 blink frogs (Lair:1)
  Sigmund (D:6)
  7 yaks
  A basilisk (Lair:1)
  2 steam dragons (D:7)
  A warg (D:10)
  Duvessa (D:7)
  7 water moccasins
  9 orc warriors
  An ice beast (D:5)
  A sky beast (D:7)
  2 black bears
  Pargi (D:3)
  2 ogres
  2 phantoms
  2 lemures (D:8)
  4 bullfrogs
  A necrophage (D:7)
  A kobold brigand (D:7)
  2 gnoll sergeants
  2 scorpions (Lair:1)
  3 wights (D:8)
  3 killer bees (D:8)
  6 howler monkeys
  3 hounds
  A jelly (D:6)
  11 orc priests
  A gnoll bouda (D:7)
  Terence (D:3)
  3 iguanas
  Ijyb (D:3)
  12 orc wizards
  2 hell rats (Lair:1)
  10 adders
  14 gnolls
  2 shadow imps
  2 white imps (D:7)
  An ufetubus (D:5)
  A dart slug (D:5)
  57 orcs
  A bat (D:3)
  6 endoplasms
  4 giant cockroaches
  4 goblins
  3 hobgoblins
  2 jackals (D:4)
  A quokka (D:2)
  11 ball pythons
  A frilled lizard (D:2)
  8 kobolds
  A butterfly (Lair:1)
251 creatures vanquished.

Vanquished Creatures (collateral kills)
  A water moccasin (Lair:1)
  2 hell rats (Lair:1)
3 creatures vanquished.

Vanquished Creatures (others)
  An orange demon (D:8)
  5 wights (D:8)
  Dowan (D:7)
  An orc priest (D:5)
  A jelly (D:5)
  An iguana (D:5)
  3 bushes
  A fungus (Lair:1)
  31 plants (Lair:1)
45 creatures vanquished.

Grand Total: 299 creatures vanquished

Notes
Turn   | Place    | Note
-------+----------+-------------------------------------------
     0 | D:1      | Zonian the Djinni Ice Elementalist began the quest for the
                  | Orb.
     0 | D:1      | Zonian set off with the following spells memorised: Freeze,
                  | Frozen Ramparts, Ozocubu's Armour, Summon Ice Beast.
     0 | D:1      | Reached XP level 1. HP: 15/15 MP: 0/0
   229 | D:1      | Reached XP level 2. HP: 19/21 MP: 0/0
   586 | D:2      | Found Buid's Armour Emporium.
   694 | D:2      | Found Qitam's Magic Scroll Shop.
   733 | D:2      | Reached XP level 3. HP: 21/25 MP: 0/0
   733 | D:2      | Learned a level 1 spell: Slow
   894 | D:2      | Found a hide-covered altar of Uskayaw.
  1751 | D:3      | Identified the +7 flail of a volcano {venom, rF++ rC+ rN+
                  | Str+2}
  1760 | D:3      | Noticed Grinder
  1767 | D:3      | Paralysed by Grinder for 5 turns
  1774 | D:3      | Killed Grinder
  1775 | D:3      | Reached XP level 4. HP: 16/31 MP: 0/0
  1775 | D:3      | Reached XP level 5. HP: 18/35 MP: 0/0
  1775 | D:3      | Learned a level 2 spell: Momentum Strike
  1775 | D:3      | Reached XP level 6. HP: 21/40 MP: 0/0
  1941 | D:3      | Found a snail-covered altar of Cheibriados.
  1941 | D:3      | Noticed Ijyb
  2051 | D:3      | Killed Ijyb
  2274 | D:3      | Noticed Terence
  2279 | D:3      | Killed Terence
  2318 | D:3      | Reached XP level 7. HP: 30/45 MP: 0/0
  2318 | D:3      | Learned a level 3 spell: Summon Guardian Golem
  2553 | D:3      | Noticed Pargi
  2591 | D:3      | Killed Pargi
  2592 | D:3      | Reached skill level 5 in Dodging
  2619 | D:3      | Found a stormy altar of Qazlal.
  2840 | D:4      | Found an iron altar of Okawaru.
  3095 | D:4      | Found a burning altar of Makhleb.
  3188 | D:4      | Found a sacrificial altar of Ru.
  3207 | D:4      | Found a hide-covered altar of Uskayaw.
  3220 | D:4      | Noticed Menkaure
  4165 | D:5      | Entered Level 5 of the Dungeon
  4186 | D:5      | Reached skill level 1 in Fighting
  4255 | D:5      | Reached skill level 2 in Fighting
  4255 | D:5      | Reached skill level 5 in Spellcasting
  4309 | D:5      | Reached XP level 8. HP: 22/54 MP: 0/0
  4364 | D:5      | Found an opulent altar of Gozag.
  4414 | D:5      | Reached skill level 3 in Fighting
  4441 | D:5      | Found a white marble altar of Elyvilon.
  4665 | D:5      | Found a bloodstained altar of Trog.
  5352 | D:6      | Reached skill level 4 in Fighting
  5944 | D:6      | Found a staircase to the Ecumenical Temple.
  5954 | Temple   | Entered the Ecumenical Temple
  6223 | D:6      | Noticed Sigmund
  6236 | D:6      | Killed Sigmund
  6237 | D:6      | Reached skill level 5 in Fighting
  6237 | D:6      | Reached XP level 9. HP: 61/65 MP: 0/0
  6237 | D:6      | Learned a level 4 spell: Manifold Assault
  6361 | D:7      | Noticed Dowan
  6362 | D:7      | Noticed Duvessa
  6675 | D:7      | Reached skill level 6 in Fighting
  6682 | D:7      | Killed Duvessa
  6957 | D:7      | Killed Dowan
  7095 | D:7      | Noticed a manticore
  7103 | D:7      | Noticed a white ugly thing
  7116 | D:7      | Found a broken altar of Ashenzari.
  7131 | D:7      | Became a worshipper of Ashenzari the Shackled
  7470 | D:7      | Reached skill level 7 in Fighting
  7473 | D:7      | Killed a manticore
  7474 | D:7      | Reached XP level 10. HP: 55/75 MP: 0/0
  7589 | D:8      | Reached skill level 8 in Fighting
  7835 | D:8      | Found a shimmering altar of Xom.
  7836 | D:8      | Found a shimmering altar of Xom.
  7836 | D:8      | Found a shimmering altar of Xom.
  7836 | D:8      | Found a shimmering altar of Xom.
  7836 | D:8      | Found a shimmering altar of Xom.
  8059 | D:8      | Identified the ring "Kugg" {Int+4 SInv}
  8084 | D:8      | Found an ornate altar of the Wu Jian Council.
  8319 | D:8      | Noticed Pikel
  8325 | D:8      | Killed Pikel
  8526 | D:8      | Noticed a guardian serpent
  8528 | D:8      | a dream sheep changed into a water nymph
  8528 | D:8      | Noticed a water nymph (shapeshifter)
  8543 | D:8      | Noticed a manticore
  8630 | D:8      | Reached skill level 9 in Fighting
  8693 | D:8      | Noticed Amaemon
  8694 | D:8      | Noticed an orange demon
  8706 | D:8      | HP: 3/78 [Amaemon/+1 demon whip of venom (12)]
  8706 | D:8      | HP: 1/78 [scorpion[Amaemon] (2)]
  8716 | D:8      | Killed Amaemon
  8720 | D:8      | Killed an orange demon
  9725 | D:8      | Reached * piety under Ashenzari
  9763 | D:8      | Found Miwom's Jewellery Shop.
  9829 | D:8      | Noticed a rime drake
  9952 | D:9      | Reached XP level 11. HP: 82/86 MP: 0/0
  9952 | D:9      | Learned a level 4 spell: Olgreb's Toxic Radiance
  9959 | D:9      | Reached skill level 1 in Maces & Flails
 10019 | D:9      | Noticed a two-headed ogre
 10040 | D:9      | Killed a two-headed ogre
 10041 | D:9      | Reached skill level 10 in Fighting
 10586 | D:9      | Found a hazy altar of Hepliaklqana.
 11196 | D:10     | Entered Level 10 of the Dungeon
 11319 | D:10     | Reached ** piety under Ashenzari
 11346 | D:10     | Found a staircase to the Orcish Mines.
 11864 | D:10     | Found a staircase to the Lair.
 12156 | Lair:1   | Entered Level 1 of the Lair of Beasts
 12292 | Lair:1   | Noticed a boulder beetle
 12354 | Lair:1   | Noticed a four-headed hydra
 12368 | Lair:1   | Killed a four-headed hydra
 12369 | Lair:1   | Reached skill level 11 in Fighting
 12403 | Lair:1   | Killed a boulder beetle
 12404 | Lair:1   | Reached XP level 12. HP: 96/96 MP: 0/0
 12612 | Lair:1   | Reached *** piety under Ashenzari
 12628 | Lair:1   | Reached skill level 10 in Spellcasting
 12650 | Lair:1   | Noticed a death yak
 12650 | Lair:1   | Noticed a death yak
 12968 | Lair:1   | Reached skill level 5 in Maces & Flails
 13197 | Lair:1   | Noticed a catoblepas
 13206 | Lair:1   | Noticed a death yak
 13208 | Lair:1   | Noticed a death yak
 13216 | Lair:1   | Killed a catoblepas
 13232 | Lair:1   | Noticed a death yak
 13274 | Lair:2   | Noticed a seven-headed hydra
 13522 | Lair:2   | HP: 4/100 [seven-headed hydra (9)]
 13522 | Lair:2   | Mangled by a seven-headed hydra

Illustrated notes

Levels and vault maps discovered:
D:1:      lightli_iron_boxes, layout_loops_ring
D:2:      layout_loops_ring, serial_shops, shop, shop, basic_altar,
          serial_park_tiny_pond
D:3:      layout_basic, mainiacjoe_overflow_concentric_impassable,
          mainiacjoe_overflow_24_doors, uniq_pargi, uniq_grinder, uniq_terence,
          uniq_ijyb
D:4:      layout_basic, amcnicky_altar_gilded, lemuel_crystal_altar,
          mainiacjoe_overflow_catch_the_wave, minmay_snake_closets,
          uniq_menkaure
D:5:      layout_cave_pools, mainiacjoe_overflow_tiny_flanked,
          nicolae_gozag_cash_rules_everything_around_me, trog_antimagical
D:6:      layout_loops_ring, minmay_temple_entry_glass, uniq_sigmund
D:7:      layout_rooms, mainiacjoe_overflow_paths, overflow_temple_1_default,
          grunt_ministairs_12, grunt_potential, uniq_duvessa
D:8:      layout_layer_cave, xom_shifter_show, nicolae_wu_jian_glorious_leap,
          serial_shops, nicolae_lakefront_shop, dk_rats_in_the_wall,
          uniq_amaemon, uniq_pikel
D:9:      layout_roguey [special_room_orc], mainiacjoe_overflow_small_starburst
D:10:     layout_basic, mainiacjoe_overflow_surrounded_room, lair_entry_dummy,
          david_orc_1_choice
Temple:   nicolae_temple_ecumenical_triangle
Lair:1:   layout_chaotic_city, nicolae_lair_grazing_beasts
          [nicolae_sub_lair_graze_edge, nicolae_sub_lair_graze_edge,
          nicolae_sub_lair_graze_edge, nicolae_sub_lair_graze_edge],
          lemuel_fruit_fields, grunt_megastairs_3
Lair:2:   layout_long_grid

Skill      XL: |  1  2  3  4  5  6  7  8  9 10 11 12 |
---------------+-------------------------------------+-----
Stealth        | 2 3 4 |  4.0
Dodging        | 4 5 |  5.0
Spellcasting   | 4 5 6 7 8 9 10 | 10.4
Fighting       | 2 5 7 9 11 | 11.9
Maces & Flails | 4 5 |  5.7

Action                   |  1- 3 |  4- 6 |  7- 9 | 10-12 || total
-------------------------+-------+-------+-------+-------++-------
Melee: Dagger            |    10 |       |       |       ||    10
       Punch             |     1 |       |     2 |     3 ||     6
       Flail             |     3 |    23 |   227 |   306 ||   559
 Cast: Freeze            |    28 |       |       |       ||    28
       Slow              |     1 |     1 |     5 |     1 ||     8
       Frozen Ramparts   |     1 |       |    10 |    23 ||    34
       Ozocubu's Armour  |       |       |     2 |     5 ||     7
       Momentum Strike   |       |       |     4 |     4 ||     8
       Summon Guardian G |       |       |     2 |     9 ||    11
       Summon Ice Beast  |       |       |     2 |     3 ||     5
       Olgreb's Toxic Ra |       |       |       |    11 ||    11
Invok: Curse Item        |       |       |       |     4 ||     4
Evoke: Wand              |       |       |       |     4 ||     4
  Use: Scroll            |     3 |       |    16 |     3 ||    22
       Potion            |     3 |       |       |     8 ||    11
 Stab: Sleeping          |     4 |       |     9 |     2 ||    15
       Distracted        |       |       |     1 |       ||     1
Armor: Robe              |     6 |       |       |       ||     6
       Leather armour    |       |     4 |     4 |       ||     8
       Troll leather arm |       |       |    55 |   166 ||   221
Dodge: Dodged            |    15 |    21 |   134 |   373 ||   543

Table legend: (Time is in decaauts)
 A = Elapsed time spent in this place.
 B = Non-inter-level travel time spent in this place.
 C = Inter-level travel time spent in this place.
 D = Time resting spent in this place.
 E = Time spent auto-exploring this place.
 F = Levels seen in this place.
 G = Mean time per level.
                   A        B        C        D        E       F      G
               +--------+--------+--------+--------+--------+-----+--------+
         Total |  13699 |  13341 |    358 |   4915 |   5165 |  13 | 1053.8 |
       Dungeon |  12263 |  11912 |    351 |   4361 |   4908 |  10 | 1226.3 |
        Temple |     50 |     44 |      6 |      0 |     32 |   1 |   50.0 |
          Lair |   1385 |   1385 |      0 |    554 |    225 |   2 |  692.5 |
               +--------+--------+--------+--------+--------+-----+--------+

Top non-repeatable levels by time:
     D:8: 2332 daAuts
     D:6: 1372 daAuts
     D:9: 1321 daAuts
  Lair:1: 1294 daAuts
     D:4: 1243 daAuts
     D:2: 1225 daAuts
     D:5: 1203 daAuts
     D:3: 1148 daAuts
    D:10: 965 daAuts
     D:7: 865 daAuts
     D:1: 585 daAuts
  Lair:2: 90 daAuts
  Temple: 50 daAuts
